 Dungeon Crawl Stone Soup version 0.25-a0-35-g747a2b3c0c (webtiles) character file.

Game seed: 8119177560704488864, levelgen mode: deterministic

1642086 Gumption the Phalangite (level 25, 106/212 HPs)
             Began as a Gnoll Warper on Oct 16, 2019.
             Was the Champion of Ru.
             Escaped with the Orb
             ... and 3 runes on Oct 18, 2019!
             The game lasted 14:37:46 (75298 turns).

Gumption the Phalangite (Gnoll Warper)             Turns: 75298, Time: 14:37:47

Health: 106/212    AC: 42    Str: 24    XL:     25
Magic:  45/45      EV: 13    Int: 26    God:    Ru [******]
Gold:   4392       SH: 29    Dex: 15    Spells: 10/61 levels left

rFire    + + .     SeeInvis .   a - +9 sword of Zonguldrok {reap}
rCold    + + +     Gourm    .   M - +2 large shield
rNeg     . . .     Faith    .   s - +9 gold dragon scales
rPois    +         Spirit   .   z - +1 helmet "Plog" {rElec Str+3 Int+2}
rElec    +         Reflect  +   P - scarf {rC+ rF+}
rCorr    .         Harm     .   A - +3 pair of gauntlets of War {Slay+5}
MR       ++...     Clarity  +   d - +0 pair of boots {Fly}
Stlth    ..........             I - +5 amulet of reflection
HPRegen  0.45/turn              k - ring of Vaeraez {rC++ Int+4 Dex-2 Slay+2}
MPRegen  0.29/turn              c - ring of protection from magic

@: flying, studying 2 skills, deflect missiles
A: distributed training, fangs 3, iridescent scales 1, thin skeletal structure
1, clarity, deterioration 1, screaming 1, no stealth, inability to use devices,
no conjurations magic, no ice magic, no necromancy magic, disrupted magic 1,
MP-powered wands, inexperienced 1, strong nose
0: Orb of Zot
}: 3/15 runes: decaying, serpentine, silver
a: Draw Out Power, Power Leap, Apocalypse, Renounce Religion


You escaped.
You worshipped Ru.
Ru was exalted by your worship.
You were very full.

You visited 10 branches of the dungeon, and saw 50 of its levels.
You visited the Abyss 2 times.
You visited 1 bazaar.
You also visited: Trove, Ossuary, Gauntlet, Ice Cave and Wizlab.

You collected 7144 gold pieces.
You spent 2752 gold pieces at shops.

Inventory:

Hand Weapons
 a - the +9 sword of Zonguldrok (weapon) {reap}
   (You took it off a fire giant on level 5 of the Vaults)

   If a monster killed with it leaves a corpse in good enough shape, the corpse
   will be animated as a zombie friendly to the killer.
 b - the +10 hand crossbow of Freehold {penet, rC+}
   (You found it on level 4 of the Swamp)

   Ammo fired by it will pass through the targets it hits, potentially hitting
   all targets in its path until it reaches maximum range.
   It protects you from cold.
 w - the +7 demon whip of the Inquisitive Eyes {freeze, -Tele rPois rN+ Str+6 Dex-5}
   (You found it on level 5 of the Depths)

   It has been specially enchanted to freeze those struck by it, causing extra
   injury to most foes and up to half again as much damage against particularly
   susceptible opponents.
   It can also slow down cold-blooded creatures.
   It affects your strength (+6).
   It affects your dexterity (-5).
   It protects you from poison.
   It protects you from negative energy.
   It prevents most forms of teleportation.
Missiles
 i - 5 throwing nets (quivered)
 G - 5 silver boomerangs
 Y - 1494 bolts
Armour
 d - a +0 pair of boots of flying (worn)
 s - +9 gold dragon scales (worn)
 x - quicksilver dragon scales
 z - the +1 helmet "Plog" (worn) {rElec Str+3 Int+2}
   (You bought it in a shop on level 3 of the Elven Halls)

   It affects your strength (+3).
   It affects your intelligence (+2).
   It insulates you from electricity.
 A - the +3 pair of gauntlets of War (worn) {Slay+5}
   (You bought it in a shop on level 3 of the Elven Halls)

   It affects your accuracy and damage with ranged weapons and melee attacks
   (+5).
 M - a +2 large shield (worn)
 P - a scarf of resistance (worn)
Magical Staves
 j - an uncursed staff of summoning {unknown}
Jewellery
 c - a ring of protection from magic (right hand)
 k - the ring of Vaeraez (left hand) {rC++ Int+4 Dex-2 Slay+2}
   (You bought it in a shop on level 7 of the Dungeon)

   [ring of slaying]

   It affects your intelligence (+4).
   It affects your dexterity (-2).
   It affects your accuracy and damage with ranged weapons and melee attacks
   (+2).
   It greatly protects you from cold.
 n - an uncursed ring of see invisible
 C - the amulet of Yfetodd {rF+ Regen+}
   (You took it off a deep elf death mage on level 3 of the Elven Halls)

   [amulet of regeneration]

   It protects you from fire.
   It increases your rate of regeneration.
 E - the macabre finger necklace {rN+}
   (You found it on level 3 of the Elven Halls)

   [amulet of nothing]

   It protects you from negative energy.
 I - a +5 amulet of reflection (around neck)
 T - the ring "Cedeocke" {rF+ EV+3 Stlth+}
   (You found it on level 6 of the Lair of Beasts)

   [ring of evasion]

   It affects your evasion (+3).
   It protects you from fire.
   It makes you more stealthy.
 Z - an uncursed ring of resist corrosion
Scrolls
 e - a scroll of immolation
 g - 28 scrolls of remove curse
 u - 7 scrolls of blinking
 B - a scroll of summoning
 H - 11 scrolls of teleportation
 J - 14 scrolls of fog
 S - 10 scrolls of identify
 W - 2 scrolls of silence
 X - 8 scrolls of fear
Potions
 h - 6 potions of haste
 l - 4 potions of heal wounds
 m - 2 potions of brilliance
 p - 6 potions of cancellation
 q - 23 potions of curing
 r - 6 potions of invisibility
 t - 8 potions of mutation
 v - 12 potions of lignification
 D - 2 potions of ambrosia
 K - 5 potions of magic
 L - 2 potions of agility
 R - 4 potions of resistance
Books
 F - a manual of Poison Magic
 U - a manual of Fighting
Comestibles
 f - 60 rations


   Skills:
 + Level 20.5 Fighting
 + Level 18.1 Short Blades
 + Level 18.5 Long Blades
 + Level 18.1 Axes
 + Level 18.1 Maces & Flails
 + Level 23.0 Polearms
 + Level 18.1 Staves
 + Level 18.1 Slings
 + Level 18.1 Bows
 + Level 18.1 Crossbows
 + Level 18.2 Throwing
 + Level 18.2 Armour
 + Level 18.5 Dodging
   Level 0.0 Stealth
 + Level 18.1 Shields
 + Level 18.1 Unarmed Combat
 + Level 18.6 Spellcasting
   Level 0.0 Conjurations
 + Level 15.6 Hexes
 + Level 15.6 Charms
 + Level 15.6 Summonings
   Level 0.0 Necromancy
 + Level 16.3 Translocations
 + Level 15.6 Transmutations
 + Level 15.6 Fire Magic
   Level 0.0 Ice Magic
 + Level 15.6 Air Magic
 + Level 15.6 Earth Magic
 + Level 16.8 Poison Magic
 + Level 19.4 Invocations
   Level 0.0 Evocations


You had 10 spell levels left.
You knew the following spells:

 Your Spells              Type           Power        Failure   Level  Hunger
a - Poisonous Vapours     Pois/Air       ######       1%          2    None
b - Spectral Weapon       Hex/Chrm       #######.     1%          3    None
c - Blink                 Tloc           N/A          1%          2    None
d - Passwall              Tmut/Erth      #######.     1%          2    None
e - Passage of Golubria   Tloc           N/A          2%          4    None
f - Song of Slaying       Chrm           #######.     1%          2    None
g - Gell's Gravitas       Tloc           #######...   1%          3    None
h - Cause Fear            Hex            #######...   3%          4    None
i - Petrify               Tmut/Erth      #######.     3%          4    None
j - Olgreb's Toxic Radia  Pois           #######.     1%          4    None
k - Lesser Beckoning      Tloc           #######...   1%          3    None
l - Deflect Missiles      Chrm/Air       #######...   32%         6    ###....
m - Invisibility          Hex            #######.     32%         6    ###....
n - Summon Mana Viper     Hex/Summ       #######.     7%          5    None
z - Apportation           Tloc           ######       1%          1    None

Your spell library contained the following spells:

 Spells                   Type           Power        Failure   Level  Hunger
 Beastly Appendage        Tmut           ######       1%          1    None
 Confusing Touch          Hex            ######       1%          1    None
 Corona                   Hex            #######      1%          1    None
 Infusion                 Chrm           ####         1%          1    None
 Sandblast                Erth           ######       1%          1    None
 Summon Butterflies       Summ           #######.     1%          1    None
 Summon Small Mammal      Summ           ####         1%          1    None
 Call Imp                 Summ           #######.     1%          2    None
 Shroud of Golubria       Chrm/Tloc      ######       1%          2    None
 Slow                     Hex            #######.     1%          2    None
 Sticks to Snakes         Tmut           #######.     1%          2    None
 Swiftness                Chrm/Air       #######.     1%          2    None
 Call Canine Familiar     Summ           #######.     1%          3    None
 Confuse                  Hex            #######.     1%          3    None
 Inner Flame              Hex/Fire       #######.     1%          3    None
 Portal Projectile        Hex/Tloc       ######       1%          3    None
 Recall                   Summ/Tloc      N/A          1%          3    None
 Spider Form              Tmut/Pois      #######...   1%          3    None
 Teleport Other           Tloc           #######.     1%          3    None
 Tukima's Dance           Hex            #######.     1%          3    None
 Leda's Liquefaction      Hex/Erth       #######...   3%          4    None
 Summon Lightning Spire   Summ/Air       #######.     3%          4    None
 Alistair's Intoxication  Tmut/Pois      #######.     5%          5    None
 Summon Forest            Summ/Tloc      #######...   6%          5    None
 Aura of Abjuration       Summ           #######...   7%          5    None
 Blade Hands              Tmut           #######...   7%          5    None
 Lee's Rapid Deconstruct  Erth           #######...   7%          5    None
 Silence                  Hex/Air        #######...   7%          5    None
 Summon Demon             Summ           #######...   7%          5    None
 Yara's Violent Unravell  Hex/Tmut       #######...   7%          5    None
 Darkness                 Hex            #######...   32%         6    ###....
 Hydra Form               Tmut           #######...   32%         6    ###....
 Shadow Creatures         Summ           N/A          32%         6    ###....
 Statue Form              Tmut/Erth      #######..    32%         6    ###....
 Dragon Form              Tmut           #######...   85%         7    #####..
 Controlled Blink         Tloc           N/A          100%        8    ######.
 Discord                  Hex            #######...   100%        8    ######.
 Ignition                 Fire           #######...   100%        8    ######.
 Shatter                  Erth           #######...   100%        9    #######
 Tornado                  Air            #######...   100%        9    #######
 Sting                    Conj/Pois      Unusable     N/A         1    N/A
 Mephitic Cloud           Conj/Pois/Air  Unusable     N/A         3    N/A
 Flame Tongue             Conj/Fire      Unusable     N/A         1    N/A
 Ensorcelled Hibernation  Hex/Ice        Unusable     N/A         2    N/A
 Throw Flame              Conj/Fire      Unusable     N/A         2    N/A
 Conjure Flame            Conj/Fire      Unusable     N/A         3    N/A
 Dazzling Spray           Conj/Hex       Unusable     N/A         3    N/A
 Ozocubu's Armour         Chrm/Ice       Unusable     N/A         3    N/A
 Regeneration             Chrm/Necr      Unusable     N/A         3    N/A
 Static Discharge         Conj/Air       Unusable     N/A         3    N/A
 Stone Arrow              Conj/Erth      Unusable     N/A         3    N/A
 Ice Form                 Ice/Tmut       Unusable     N/A         4    N/A
 Sticky Flame             Conj/Fire      Unusable     N/A         4    N/A
 Summon Ice Beast         Ice/Summ       Unusable     N/A         4    N/A
 Bolt of Magma            Conj/Fire/Erth Unusable     N/A         5    N/A
 Venom Bolt               Conj/Pois      Unusable     N/A         5    N/A
 Animate Skeleton         Necr           Unusable     N/A         1    N/A
 Freeze                   Ice            Unusable     N/A         1    N/A
 Magic Dart               Conj           Unusable     N/A         1    N/A
 Pain                     Necr           Unusable     N/A         1    N/A
 Irradiate                Conj/Tmut      Unusable     N/A         5    N/A
 Iskenderun's Battlesphe  Conj/Chrm      Unusable     N/A         5    N/A
 Lightning Bolt           Conj/Air       Unusable     N/A         5    N/A
 Metabolic Englaciation   Hex/Ice        Unusable     N/A         5    N/A
 Throw Frost              Conj/Ice       Unusable     N/A         2    N/A
 Vampiric Draining        Necr           Unusable     N/A         3    N/A
 Animate Dead             Necr           Unusable     N/A         4    N/A
 Throw Icicle             Conj/Ice       Unusable     N/A         4    N/A
 Bolt of Fire             Conj/Fire      Unusable     N/A         6    N/A
 Conjure Ball Lightning   Conj/Air       Unusable     N/A         6    N/A
 Iron Shot                Conj/Erth      Unusable     N/A         6    N/A
 Orb of Destruction       Conj           Unusable     N/A         7    N/A
 Spellforged Servitor     Conj/Summ      Unusable     N/A         7    N/A
 Lehudib's Crystal Spear  Conj/Erth      Unusable     N/A         8    N/A

Dungeon Overview and Level Annotations

Branches:
Dungeon (15/15)            Temple (1/1) D:6            Lair (6/6) D:9
  Swamp (4/4) Lair:4        Snake (4/4) Lair:4        Slime (0/5) Lair:6
    Orc (2/2) D:10            Elf (3/3) Orc:2        Vaults (5/5) D:13
  Crypt (0/3) Vaults:3     Depths (5/5) D:15            Zot (5/5) Depths:5
Ossuary (visited)           IceCv (visited)          WizLab (visited)
Gauntlet (visited)

Altars:
Ashenzari
Cheibriados
Dithmenos
Elyvilon
Fedhas
Gozag
Hepliaklqana
Kikubaaqudgha
Makhleb
Nemelex Xobeh
Okawaru
Qazlal
Ru
Sif Muna
Trog
Uskayaw
Vehumet
Wu Jian
Xom
Yredelemnul
Zin
The Shining One
Beogh
Lugonu

Shops:
D:4 *   D:7 =   Orc:1 *   Orc:2 [[*(:   Elf:3 [(   Snake:1 [   Snake:2 [[
Vaults:1 *   Depths:2 [(*!

Portals:
Hell: Depths:1 Depths:2 Depths:3 Depths:4 Depths:5
Abyss: Depths:2 Depths:3 Depths:4
Pandemonium: Depths:3
Ziggurat: Depths:1

Annotations:
Orc:2 1 exclusion
Zot:3 3 runed translucent doors, Licye's ghost, legendary MfTm


Innate Abilities, Weirdness & Mutations

Your experience applies equally to all skills.
You have razor-sharp teeth.
You cannot be stealthy.
You cannot study or use magical devices.
You cannot study or cast Conjurations magic.
You cannot study or cast Ice magic.
You cannot study or cast Necromancy magic.
Your casting is slightly disrupted.
You are somewhat inexperienced. (-2 XL)
Your uncanny sense of smell can sniff out nearby items.
You are partially covered in iridescent scales. (AC +2)
You have a somewhat thin skeletal structure. (Dex +2, Stealth)
You possess an exceptional clarity of mind.
Your body sometimes deteriorates upon taking damage.
You occasionally shout uncontrollably at your foes.
You expend magic power (3 MP) to strengthen your wands.


Message History

You kill the tormentor!
Throwing (i - inventory. (/) - cycle)
i - 6 throwing nets (quivered)
Press: ? - help, Shift-Dir - straight line, f - Ice Fiend
Aim: an Ice Fiend You throw a throwing net.
The throwing net hits the Ice Fiend.
The Ice Fiend is caught in the net!
The Ice Fiend gestures at you. You deflect the bolt of cold!
The Ice Fiend struggles against the net.
The Ice Fiend struggles against the net.
There is a staircase leading out of the dungeon here.
As you read the scroll of summoning, it crumbles to dust.
Wisps of shadow whirl around you... The Ice Fiend gestures at you.
The bolt of cold misses you. The bolt of cold hits your hobgoblin!!!
Your hobgoblin dies!
Your hobgoblin's corpse dissolves into shadows!
The Ice Fiend struggles against the net.
Your bat hits the Ice Fiend but does no damage.
You have escaped!

...............#8#.#######.......
..##.#####.....#.#...### #....###
..##.# #######.###...###....###
..##.# ###.....###..........>
..##.# #.........#####.#.####
..##.#### ##.........## #......#
..##....# #...........# ##......#
..##.#..###...........###.......#
..##.#..8.......@.......8..#'####
..##.#..###...........###..#.####
..##.#### #.....g(....#..........
........####....b....##.##.......
...........#.....1...#.1.........
...........###.....###.#.........
#...#.##...# #.....##..#...#####.
#...#..#...###.....##.........##.
#...##.....##8.....8#.........##.


You could see an Ice Fiend (caught), a friendly hobgoblin and a friendly bat.

Vanquished Creatures
  5 ancient liches (Zot:5)
  6 orbs of fire
  Bai Suzhen (Swamp:4)
  5 Killer Klowns
  Xtahua (Vaults:2)
  Saint Roka (Vaults:4)
  A bone dragon (Depths:5)
  9 golden dragons
  The ghost of Goack the Warrior, an adept HOFi of Fedhas (Elf:1)
  2 electric golems (Zot:5)
  The ghost of Viusuagh the Fencer, an adept MiSk of Cheibriados (D:13)
  A Brimstone Fiend (D:2)
  2 Ice Fiends (IceCv)
  24 Orb Guardians
  16 tentacled monstrosities
  2 liches
  2 deep elf blademasters (Elf:3)
  A moon troll (WizLab)
  9 titans
  4 quicksilver dragons
  Asterion (Depths:3)
  7 sphinxes
  2 deep elf master archers (Elf:3)
  10 death cobs
  9 tentacled starspawn
  An Executioner (Abyss:3)
  A thorn hunter (Swamp:1)
  8 tengu reavers
  Agnes (Elf:1)
  3 draconian monks
  The ghost of MrRokkomies the Bludgeoner, a journeyman OgHu of Trog (Snake:2)
  11 shadow dragons
  9 nagarajas
  9 storm dragons
  A ghost moth (Zot:2)
  10 fire giants
  11 vault wardens
  7 deep elf sorcerers
  2 draconian knights
  An iron dragon (Vaults:5)
  A balrug (Depths:3)
  2 draconian shifters
  2 cacodemons (WizLab)
  Louise (Snake:3)
  2 orc warlords
  11 frost giants
  4 deep elf elementalists
  Aizul (Snake:3)
  17 ironheart preservers
  2 war gargoyles
  28 very ugly things
  A spriggan defender (Depths:5)
  8 green draconians
  27 stone giants
  4 vampire knights
  2 draconian annihilators (Zot:3)
  7 deep elf annihilators (Elf:3)
  The ghost of Arixos the Fighter, a journeyman DsGl of Dithmenos (Lair:6)
  7 yellow draconians
  Azrael (D:14)
  9 black draconians
  6 white draconians
  8 deep elf demonologists
  7 red draconians
  2 lorocyprocas
  A minotaur (Gauntlet)
  2 purple draconians (Zot:2)
  A dire elephant (shapeshifter) (Vaults:5)
  6 spark wasps (Depths:5)
  10 ettins
  5 fire dragons
  Josephine (D:13)
  7 deep elf death magi
  3 deep elf high priests (Vaults:5)
  10 yaktaur captains
  2 rakshasas
  12 ice dragons
  23 hydras
  12 great orbs of eyes
  2 ghost crabs
  A quicksilver dragon skeleton (Depths:2)
  A hell beast (D:12)
  Erolcha (D:13)
  32 vault guards
  A catoblepas (Lair:3)
  A death knight (Vaults:4)
  A shambling mangrove (Swamp:1)
  9 centaur warriors
  9 spriggan air magi
  19 anacondas
  16 naga warriors
  49 two-headed ogres
  10 alligators
  26 dancing weapons
  12 deep troll shamans
  17 ogre magi
  7 orc high priests
  6 tengu warriors
  15 deep troll earth magi
  5 shock serpents
  12 naga sharpshooters
  4 spriggan berserkers
  21 deep elf knights
  A fire crab (Gauntlet)
  Sonja (D:10)
  7 salamander mystics
  2 skeletal warriors (D:15)
  2 orange crystal statues
  2 wretched stars (WizLab)
  10 hell knights
  An iron troll (Depths:1)
  3 wizards
  A sea snake (shapeshifter) (Elf:1)
  A spriggan druid (Swamp:3)
  23 deep trolls
  10 unseen horrors
  2 torturous demonspawn
  3 shadow wraiths
  A flayed ghost (Depths:4)
  15 ironbrand convokers
  5 lindwurms
  8 naga ritualists
  14 deep elf archers
  2 gelid demonspawn (D:6)
  10 glowing orange brains
  8 necromancers
  2 phantasmal warriors
  A wolf spider zombie (D:13)
  A harpy (shapeshifter) (Vaults:3)
  6 swamp dragons (Swamp:4)
  Pikel (D:5)
  2 statues (D:11)
  An oklob plant (Snake:2)
  68 deep elf magi
  13 mana vipers
  2 orb spiders (shapeshifter)
  2 wolf spiders
  4 orc sorcerers (Orc:2)
  A sphinx skeleton (Depths:4)
  2 worldbinders (Abyss:3)
  34 slime creatures
  52 ugly things
  17 orc knights
  A shadow dragon skeleton (D:15)
  10 cyclopes
  A wolf spider (shapeshifter) (Vaults:5)
  The ghost of Shaidar the Cudgeler, a novice GrBe of Trog (D:6)
  26 moths of wrath
  A manticore (D:15)
  An elephant (Lair:6)
  11 salamanders
  33 black mambas
  17 naga magi
  3 ice statues
  3 eyes of devastation (WizLab)
  8 guardian serpents
  A frost giant skeleton (Depths:4)
  13 vault sentinels
  A storm dragon simulacrum (Vaults:1)
  A guardian serpent (shapeshifter) (Depths:5)
  3 smoke demons
  2 gargoyles
  17 spiny frogs
  A hellion (Depths:5)
  An elf zombie (Depths:4)
  6 torpor snails
  A rime drake (shapeshifter) (Depths:3)
  2 kobold demonologists (D:15)
  A rime drake (Lair:4)
  A redback zombie (D:14)
  A yaktaur (shapeshifter) (Depths:1)
  14 ice devils (IceCv)
  2 komodo dragons (shapeshifter)
  43 yaktaurs
  An ancient zyme (Abyss:3)
  A tormentor (D:1)
  4 freezing wraiths
  A golden dragon simulacrum (Depths:4)
  7 komodo dragons
  2 tengu conjurers (Depths:2)
  A tyrant leech (shapeshifter) (Depths:3)
  4 hellwings
  A meliai (shapeshifter) (Vaults:1)
  A polar bear (shapeshifter) (Depths:2)
  3 hornets (shapeshifter)
  8 trolls
  14 polar bears
  A merfolk (shapeshifter) (Vaults:5)
  16 hornets
  11 tyrant leeches
  A raiju (shapeshifter) (D:13)
  6 raiju
  4 bog bodies
  A slime creature (shapeshifter) (D:15)
  5 blink frogs
  A spriggan zombie (D:15)
  11 hippogriffs
  3 air elementals
  A hippogriff (shapeshifter) (Elf:1)
  7 dream sheep
  A snapping turtle (shapeshifter) (Elf:1)
  A meliai zombie (D:11)
  2 spriggans (shapeshifter)
  A flying skull (Abyss:3)
  38 yaks
  4 spriggans
  A human (shapeshifter) (D:14)
  5 water elementals
  3 shadows
  6 fire elementals
  4 basilisks
  3 large abominations
  11 wraiths
  A fire dragon skeleton (D:15)
  4 wyverns
  A ynoxinul (Abyss:3)
  3 fire bats (Gauntlet)
  An ettin skeleton (D:15)
  14 vampire mosquitoes
  4 golden eyes
  A yak (shapeshifter) (Elf:1)
  A hungry ghost (D:13)
  A steam dragon (shapeshifter) (Vaults:1)
  6 steam dragons
  A yaktaur simulacrum (Vaults:1)
  A chaos spawn (Abyss:3)
  4 neqoxecs
  6 insubstantial wisps
  12 wargs
  2 acid dragons
  A soldier ant (shapeshifter) (Depths:1)
  8 swamp worms
  40 nagas
  22 hell hounds
  2 floating eyes (shapeshifter)
  17 water moccasins
  A floating eye (Depths:3)
  4 porcupines
  3 ice beasts
  6 sky beasts
  14 swamp drakes
  15 black bears
  65 orc warriors
  2 eyes of draining (shapeshifter)
  A black bear (shapeshifter) (Vaults:2)
  3 necrophages
  A slave (D:5)
  A phantom (D:10)
  66 ogres
  An ogre (shapeshifter) (Elf:1)
  17 boggarts
  28 centaurs
  15 wolves
  10 crocodiles
  9 big kobolds
  21 bullfrogs
  4 small abominations (Abyss:3)
  A spectral wyvern (D:6)
  2 earth elementals (Elf:3)
  A water moccasin zombie (Ossuary)
  A wyvern skeleton (D:7)
  A water moccasin skeleton (D:8)
  A scorpion (Lair:3)
  5 killer bees
  An orc simulacrum (Vaults:2)
  4 howler monkeys
  18 wights
  8 jellies
  2 electric eels (Lair:4)
  10 crimson imps
  5 centaur zombies
  3 quasits
  7 hounds
  11 starcursed masses
  39 orc priests
  4 centaur skeletons
  A bullfrog skeleton (D:7)
  2 iguanas (D:5)
  14 worker ants
  55 orc wizards
  5 big kobold zombies (Ossuary)
  4 hound zombies
  A hound skeleton (D:9)
  2 mummies (Ossuary)
  2 worker ant zombies (D:10)
  Robin (D:2)
  16 gnolls
  9 adders
  6 shadow imps
  9 white imps
  5 ufetubi (IceCv)
  2 oozes
  2 adder skeletons
  9 adder zombies
  4 worms
  3 dart slugs
  2 leopard geckos
  154 orcs
  2 ball pythons
  10 bats
  6 giant cockroaches
  8 hobgoblins
  23 jackals
  29 kobolds
  4 quokkas
  7 frilled lizards
  5 gnoll zombies (Ossuary)
  16 goblins
  A hobgoblin zombie (Ossuary)
  3 kobold zombies (Ossuary)
  A leopard gecko zombie (D:6)
  3 orc zombies (Ossuary)
  A quokka skeleton (D:4)
  8 rats
  A bush (D:11)
  3 crawling corpses (Vaults:5)
  2 fungi (Lair:6)
  2 plants
  8 starspawn tentacles (WizLab)
  A withered plant (D:15)
2512 creatures vanquished.

Vanquished Creatures (collateral kills)
  the Lernaean hydra (Swamp:4)
  A golden dragon (Zot:3)
  A tentacled monstrosity (Zot:4)
  A shadow dragon (Depths:2)
  A vault warden (Vaults:4)
  A black draconian (Zot:2)
  2 red draconians
  A purple draconian (Zot:2)
  3 hydras (Swamp:4)
  3 swamp dragons (Swamp:4)
  A golden dragon skeleton (Depths:2)
  A fire giant zombie (Depths:2)
  2 moths of wrath
  A yaktaur (Depths:2)
20 creatures vanquished.

Vanquished Creatures (others)
  2 ancient liches (Zot:5)
  4 Orb Guardians (Zot:5)
  A quicksilver dragon (WizLab)
  A sphinx (Vaults:5)
  Frances (D:12)
  A tengu reaver (Vaults:5)
  A deep elf sorcerer (Elf:3)
  A fire giant (Vaults:4)
  A deep elf elementalist (Vaults:5)
  A cacodemon (WizLab)
  2 ironheart preservers (Vaults:5)
  2 very ugly things
  3 stone giants
  A purple draconian (Zot:3)
  A spark wasp (Depths:5)
  A great orb of eyes (Depths:4)
  A yaktaur captain (Depths:5)
  A naga warrior (Snake:2)
  A death knight (Vaults:5)
  A centaur warrior (Depths:4)
  An ogre mage (Vaults:2)
  A dancing weapon (Elf:2)
  A tengu warrior (D:14)
  A deep elf knight (Elf:2)
  An iron troll (Depths:1)
  A deep elf archer (Vaults:4)
  A naga ritualist (Snake:4)
  A deep troll (Depths:1)
  4 deep elf magi
  2 necromancers
  An ugly thing (Vaults:2)
  A black mamba (Snake:2)
  A naga mage (Snake:4)
  A komodo dragon (Lair:2)
  5 dream sheep (Lair:6)
  A vampire mosquito (Swamp:1)
  A golden eye (Abyss:3)
  A boggart (D:13)
  A crocodile (Lair:5)
  A centaur zombie (Abyss:3)
  3 orc priests
  An orc wizard (Vaults:3)
  A river rat (shapeshifter) (Elf:1)
  3 white imps (IceCv)
  2 ufetubi (IceCv)
  A kobold (D:12)
  A quokka (D:5)
  A butterfly (D:5)
  7 demonic plants (WizLab)
  A fungus (Lair:6)
  16 plants
  137 spectral weapons
  30 starspawn tentacles
  6 toadstools (Swamp:1)
  7 withered plants
273 creatures vanquished.

Grand Total: 2805 creatures vanquished

Notes
Turn   | Place    | Note
-------+----------+-------------------------------------------
     0 | D:1      | Gumption the Gnoll Warper began the quest for the Orb.
     0 | D:1      | Reached XP level 1. HP: 20/20 MP: 6/6
    76 | D:1      | Reached XP level 2. HP: 17/26 MP: 7/7
   495 | D:1      | Learned a level 2 spell: Blink
   751 | D:1      | Reached XP level 3. HP: 27/31 MP: 9/9
   914 | D:1      | Reached skill level 5 in Spellcasting
  1158 | D:1      | Learned a level 3 spell: Lesser Beckoning
  1162 | D:1      | Learned a level 3 spell: Gell's Gravitas
  1404 | D:2      | Reached skill level 1 in Invocations
  1646 | D:2      | Reached skill level 1 in Short Blades
  1646 | D:2      | Reached skill level 1 in Axes
  1646 | D:2      | Reached skill level 1 in Maces & Flails
  1646 | D:2      | Reached skill level 1 in Polearms
  1646 | D:2      | Reached skill level 1 in Staves
  1646 | D:2      | Reached skill level 1 in Slings
  1646 | D:2      | Reached skill level 1 in Bows
  1646 | D:2      | Reached skill level 1 in Crossbows
  1646 | D:2      | Reached skill level 1 in Stealth
  1646 | D:2      | Reached skill level 1 in Shields
  1646 | D:2      | Reached skill level 1 in Unarmed Combat
  1646 | D:2      | Reached skill level 1 in Evocations
  1646 | D:2      | Reached XP level 4. HP: 31/38 MP: 1/11
  1854 | D:2      | Noticed Robin
  1865 | D:2      | Killed Robin
  1872 | D:2      | Reached skill level 1 in Conjurations
  1872 | D:2      | Reached skill level 1 in Hexes
  1872 | D:2      | Reached skill level 1 in Charms
  1872 | D:2      | Reached skill level 1 in Summonings
  1872 | D:2      | Reached skill level 1 in Necromancy
  1872 | D:2      | Reached skill level 1 in Transmutations
  1872 | D:2      | Reached skill level 1 in Fire Magic
  1872 | D:2      | Reached skill level 1 in Ice Magic
  1872 | D:2      | Reached skill level 1 in Air Magic
  1872 | D:2      | Reached skill level 1 in Earth Magic
  1872 | D:2      | Reached skill level 1 in Poison Magic
  2263 | D:2      | Learned a level 1 spell: Apportation
  2460 | D:2      | Reached XP level 5. HP: 43/43 MP: 0/12
  3440 | D:3      | Reached XP level 6. HP: 33/50 MP: 13/13
  4587 | D:3      | Found a blossoming altar of Fedhas.
  4597 | D:3      | Reached skill level 5 in Fighting
  4597 | D:3      | Reached skill level 5 in Long Blades
  4597 | D:3      | Reached skill level 5 in Dodging
  4605 | D:3      | Found an ancient bone altar of Kikubaaqudgha.
  4804 | D:3      | Reached skill level 2 in Polearms
  5045 | D:4      | Found a sand-covered staircase.
  5054 | Ossuary  | Entered an ossuary
  5358 | Ossuary  | Reached XP level 7. HP: 38/56 MP: 15/15
  6410 | D:4      | Found Obloi's General Store.
  6800 | D:4      | Got a scorched trident
  7070 | D:5      | Entered Level 5 of the Dungeon
  7116 | D:5      | Reached XP level 8. HP: 21/63 MP: 16/16
  7445 | D:5      | Reached skill level 3 in Polearms
  7786 | D:5      | Found a shadowy altar of Dithmenos.
  8090 | D:5      | Identified the +3 ring mail of the True Pharaoh {rElec
                  | rPois Regen+}
  8542 | D:5      | Found a sacrificial altar of Ru.
  8557 | D:5      | Became a worshipper of Ru the Awakened
  8650 | D:5      | Found a white marble altar of Elyvilon.
  8865 | D:5      | Found a shimmering altar of Xom.
  9048 | D:5      | Noticed Pikel
  9090 | D:5      | Killed Pikel
  9090 | D:5      | Reached XP level 9. HP: 57/69 MP: 18/18
  9459 | D:5      | Reached skill level 4 in Polearms
  9580 | D:6      | Found a transporter.
  9582 | D:6      | Noticed Shaidar's ghost (novice GrBe)
  9669 | D:6      | Found a transporter.
  9695 | D:6      | Found a staircase to the Ecumenical Temple.
  9752 | D:6      | Learned a level 4 spell: Passage of Golubria
  9773 | D:6      | Reached skill level 5 in Throwing
  9773 | D:6      | Reached skill level 5 in Armour
 10044 | D:6      | Identified the +9 trident "Vinahut" {venom, Stlth+} (You
                  | found it on level 4 of the Dungeon)
 10252 | Temple   | Entered the Ecumenical Temple
 10359 | D:6      | Found a glowing silver altar of Zin.
 10359 | D:6      | Found a shattered altar of Ashenzari.
 10594 | D:7      | Gained mutation: You are somewhat inexperienced. (-2 XL)
                  | [Ru sacrifice]
 10594 | D:7      | Reached XP level 8. HP: 65/65 MP: 18/18
 10594 | D:7      | Reached XP level 7. HP: 59/59 MP: 17/17
 10594 | D:7      | Reached * piety under Ru
 10594 | D:7      | Reached ** piety under Ru
 10688 | D:7      | Reached XP level 8. HP: 65/65 MP: 18/18
 10848 | D:7      | Found Socedwe's Jewellery Boutique.
 10945 | D:7      | Reached skill level 5 in Invocations
 11254 | D:7      | Reached skill level 5 in Polearms
 11254 | D:7      | Reached XP level 9. HP: 71/71 MP: 19/19
 11612 | D:8      | Reached skill level 5 in Short Blades
 11612 | D:8      | Reached skill level 5 in Axes
 11612 | D:8      | Reached skill level 5 in Maces & Flails
 11612 | D:8      | Reached skill level 5 in Staves
 11612 | D:8      | Reached skill level 5 in Slings
 11612 | D:8      | Reached skill level 5 in Bows
 11612 | D:8      | Reached skill level 5 in Crossbows
 11612 | D:8      | Reached skill level 5 in Stealth
 11612 | D:8      | Reached skill level 5 in Shields
 11612 | D:8      | Reached skill level 5 in Unarmed Combat
 11612 | D:8      | Reached skill level 5 in Evocations
 11685 | D:8      | Found a sparkling altar of Nemelex Xobeh.
 11970 | D:8      | Noticed a two-headed ogre
 11992 | D:8      | Killed a two-headed ogre
 12212 | D:8      | Gained mutation: You cannot study or use magical devices.
                  | [Ru sacrifice]
 12212 | D:8      | Reached *** piety under Ru
 12212 | D:8      | Reached **** piety under Ru
 12223 | D:8      | Reached XP level 10. HP: 79/79 MP: 21/21
 12300 | D:8      | Found an iron altar of Okawaru.
 12392 | D:8      | Reached skill level 6 in Polearms
 12631 | D:9      | Found a hazy altar of Hepliaklqana.
 12678 | D:9      | Found a hide-covered altar of Uskayaw.
 12844 | D:9      | You fall into a shaft and drop 2 floors!
 12845 | D:11     | Noticed an unseen horror
 12845 | D:11     | Noticed a gargoyle
 12861 | D:11     | Killed a gargoyle
 12865 | D:11     | Killed an unseen horror
 12890 | D:10     | Entered Level 10 of the Dungeon
 12935 | D:10     | Noticed an unseen horror
 12952 | D:10     | Killed an unseen horror
 13034 | D:10     | Learned a level 2 spell: Song of Slaying
 13038 | D:10     | Learned a level 3 spell: Spectral Weapon
 13067 | D:10     | Noticed a five-headed hydra
 13116 | D:10     | Reached skill level 7 in Polearms
 13118 | D:10     | Noticed an unseen horror
 13128 | D:10     | Killed an unseen horror
 13128 | D:10     | Reached skill level 5 in Conjurations
 13128 | D:10     | Reached skill level 5 in Hexes
 13128 | D:10     | Reached skill level 5 in Charms
 13128 | D:10     | Reached skill level 5 in Summonings
 13128 | D:10     | Reached skill level 5 in Necromancy
 13128 | D:10     | Reached skill level 5 in Transmutations
 13128 | D:10     | Reached skill level 5 in Fire Magic
 13128 | D:10     | Reached skill level 5 in Ice Magic
 13128 | D:10     | Reached skill level 5 in Air Magic
 13128 | D:10     | Reached skill level 5 in Earth Magic
 13128 | D:10     | Reached skill level 5 in Poison Magic
 13143 | D:10     | Killed a five-headed hydra
 13143 | D:10     | Reached XP level 11. HP: 44/85 MP: 19/23
 13206 | D:10     | Noticed Sonja
 13239 | D:10     | Killed Sonja
 13519 | D:10     | Noticed a two-headed ogre
 13528 | D:10     | Killed a two-headed ogre
 13688 | D:10     | Gained mutation: You cannot be stealthy. [Ru sacrifice]
 13688 | D:10     | Reached ***** piety under Ru
 13747 | D:10     | Reached skill level 8 in Polearms
 13782 | D:10     | Noticed an unseen horror
 13790 | D:10     | Killed an unseen horror
 13833 | D:10     | Identified the +5 trident "Coitan" {freeze, rC+}
 13887 | D:10     | Found a staircase to the Orcish Mines.
 13891 | D:10     | Found a roughly hewn altar of Beogh.
 14036 | D:11     | Found an iron altar of Okawaru.
 14036 | D:11     | Noticed a cyclops
 14319 | D:11     | Noticed a two-headed hydra
 14331 | D:11     | Killed a two-headed hydra
 14517 | D:11     | Killed a cyclops
 14517 | D:11     | Reached XP level 12. HP: 72/94 MP: 24/24
 14928 | D:11     | HP: 1/94 [archer statue/arrow (17)]
 15503 | D:12     | Reached skill level 9 in Polearms
 15600 | D:12     | Noticed Frances
 15631 | D:12     | Killed Frances
 15827 | D:12     | Gained mutation: You cannot study or cast Ice magic. [Ru
                  | sacrifice]
 15827 | D:12     | Gained mutation: You cannot study or cast Necromancy magic.
                  | [Ru sacrifice]
 15827 | D:12     | Gained mutation: You cannot study or cast Conjurations
                  | magic. [Ru sacrifice]
 16072 | D:9      | Found a staircase to the Lair.
 16567 | Lair:1   | Entered Level 1 of the Lair of Beasts
 17419 | Lair:2   | Gained mutation: Your casting is slightly disrupted. [Ru
                  | sacrifice]
 17419 | Lair:2   | Reached ****** piety under Ru
 17449 | Lair:2   | Reached skill level 10 in Polearms
 17489 | Lair:2   | Reached XP level 13. HP: 101/101 MP: 26/26
 19082 | Lair:4   | Found a staircase to the Snake Pit.
 19633 | Lair:4   | Found a staircase to the Swamp.
 20219 | Lair:5   | Reached skill level 11 in Polearms
 20337 | Lair:5   | Reached skill level 10 in Spellcasting
 20715 | Lair:6   | Entered Level 6 of the Lair of Beasts
 20732 | Lair:6   | Reached XP level 14. HP: 106/109 MP: 26/28
 20738 | Lair:6   | Learned a level 4 spell: Cause Fear
 20847 | Lair:6   | Noticed Arixos's ghost (journeyman DsGl)
 20859 | Lair:6   | Found a transporter.
 20880 | Lair:6   | Reached skill level 10 in Fighting
 20880 | Lair:6   | Reached skill level 10 in Long Blades
 20880 | Lair:6   | Reached skill level 10 in Dodging
 20930 | Lair:6   | Found a staircase to the Slime Pits.
 21015 | Lair:6   | Found a runed translucent door.
 21487 | Lair:6   | Reached skill level 10 in Invocations
 21754 | Lair:6   | Found a transporter.
 21785 | Lair:6   | Found a shimmering altar of Xom.
 22269 | D:7      | Bought the ring of Vaeraez {rC++ Int+4 Dex-2 Slay+2} for
                  | 546 gold pieces
 22842 | D:6      | Killed Shaidar's ghost
 22842 | D:6      | Reached skill level 12 in Polearms
 23007 | Orc:1    | Entered Level 1 of the Orcish Mines
 23074 | Orc:1    | Found a roughly hewn altar of Beogh.
 23308 | Orc:2    | Entered Level 2 of the Orcish Mines
 23435 | Orc:1    | Found Caukk's Assorted Antiques.
 24118 | Orc:2    | Found Fut Hivi's Antique Armour Shop.
 24169 | Orc:2    | Found a staircase to the Elven Halls.
 24357 | Orc:2    | Reached XP level 15. HP: 83/117 MP: 24/29
 24364 | Orc:2    | Reached skill level 10 in Throwing
 24364 | Orc:2    | Reached skill level 10 in Armour
 24477 | Orc:2    | Noticed an orc warlord
 24500 | Orc:2    | Killed an orc warlord
 24896 | Orc:2    | Found Zacso's General Store.
 24897 | Orc:2    | Found Fuicw's Book Emporium.
 24898 | Orc:2    | Found Juox's Antique Armour Shoppe.
 24898 | Orc:2    | Found Mufamm's Antique Weapon Shoppe.
 24912 | Orc:2    | Bought 2 potions of heal wounds for 150 gold pieces
 25164 | Swamp:1  | Entered Level 1 of the Swamp
 25488 | Swamp:1  | Noticed a thorn hunter
 25500 | Swamp:1  | Killed a thorn hunter
 25500 | Swamp:1  | Reached skill level 10 in Translocations
 25506 | Swamp:1  | Learned a level 4 spell: Petrify
 26079 | Swamp:2  | Reached skill level 10 in Short Blades
 26079 | Swamp:2  | Reached skill level 10 in Axes
 26079 | Swamp:2  | Reached skill level 10 in Maces & Flails
 26079 | Swamp:2  | Reached skill level 10 in Staves
 26079 | Swamp:2  | Reached skill level 10 in Slings
 26079 | Swamp:2  | Reached skill level 10 in Bows
 26079 | Swamp:2  | Reached skill level 10 in Crossbows
 26079 | Swamp:2  | Reached skill level 10 in Shields
 26079 | Swamp:2  | Reached skill level 10 in Unarmed Combat
 26536 | Swamp:2  | Reached skill level 13 in Polearms
 27377 | Swamp:4  | Entered Level 4 of the Swamp
 27387 | Swamp:4  | Cast into level 2 of the Abyss (the power of Zot)
 27387 | Abyss:2  | Found a corrupted altar of Lugonu.
 27401 | Swamp:4  | Escaped the Abyss
 27512 | Swamp:4  | Noticed Bai Suzhen
 27535 | Swamp:4  | Killed Bai Suzhen
 27535 | Swamp:4  | Reached XP level 16. HP: 93/125 MP: 31/31
 27716 | Swamp:4  | Got a brightly glowing hand crossbow
 27717 | Swamp:4  | Identified the +10 hand crossbow of Freehold {penet, rC+}
                  | (You found it on level 4 of the Swamp)
 28122 | Swamp:4  | Noticed the 27-headed Lernaean hydra
 28140 | Swamp:4  | Killed the 27-headed Lernaean hydra
 28205 | Swamp:4  | Got a decaying rune of Zot
 28443 | Snake:1  | Entered Level 1 of the Snake Pit
 28487 | Snake:1  | Found Iggajiewn's Antique Armour Shoppe.
 29232 | Snake:2  | Found a white marble altar of Elyvilon.
 29265 | Snake:2  | Reached skill level 14 in Polearms
 29267 | Snake:2  | Found Tiss's Antique Armour Shop.
 29271 | Snake:2  | Found Pallarch's Antique Armour Boutique.
 29272 | Snake:2  | Found Amatuux's Antique Armour Shop.
 29822 | Snake:2  | Identified the cursed +3 spear of Keunaabb {antimagic, rN+
                  | Int+3}
 29822 | Snake:2  | Identified the +12 hand axe of Hospitality {vamp, Str+4}
 29852 | Snake:2  | Found a bloodstained altar of Trog.
 29865 | Snake:2  | Found a transporter.
 29867 | Snake:2  | Found a transporter.
 29868 | Snake:2  | Noticed MrRokkomies's ghost (journeyman OgHu)
 29978 | Snake:2  | Found a shimmering altar of Xom.
 30067 | Snake:2  | Reached XP level 17. HP: 132/133 MP: 31/33
 30231 | Snake:3  | Noticed Louise
 30252 | Snake:3  | Killed Louise
 30643 | Snake:3  | Noticed Aizul
 30658 | Snake:3  | Killed Aizul
 30876 | Snake:4  | Entered Level 4 of the Snake Pit
 31292 | Snake:4  | Identified Sif Muna's Introduction to Witchcraft
 31734 | Snake:4  | Reached skill level 15 in Polearms
 32102 | Snake:4  | Reached skill level 10 in Hexes
 32102 | Snake:4  | Reached skill level 10 in Charms
 32102 | Snake:4  | Reached skill level 10 in Summonings
 32102 | Snake:4  | Reached skill level 10 in Transmutations
 32102 | Snake:4  | Reached skill level 10 in Fire Magic
 32102 | Snake:4  | Reached skill level 10 in Air Magic
 32102 | Snake:4  | Reached skill level 10 in Earth Magic
 32102 | Snake:4  | Reached skill level 10 in Poison Magic
 32357 | Snake:4  | Reached XP level 18. HP: 87/141 MP: 34/34
 32959 | Snake:4  | Got a serpentine rune of Zot
 33321 | Orc:1    | Bought a hardcover book for 420 gold pieces
 33514 | D:13     | Found a gate leading to a gauntlet.
 33530 | Gauntlet | Entered a Gauntlet
 33530 | Gauntlet | Found a transporter.
 33530 | Gauntlet | Found a transporter.
 33531 | Gauntlet | Found a transporter.
 33531 | Gauntlet | Found a transporter.
 33534 | Gauntlet | Found a transporter.
 33534 | Gauntlet | Found a transporter.
 33544 | Gauntlet | Found a transporter.
 33548 | Gauntlet | Found a transporter.
 33558 | Gauntlet | Found a transporter.
 33563 | Gauntlet | Found a transporter.
 33582 | Gauntlet | Found a transporter.
 33586 | Gauntlet | Found a transporter.
 34042 | Gauntlet | Got a scintillating ivory ring
 34050 | Gauntlet | Identified the ring "Plog" {rN+ Int+3} (You found it in a
                  | Gauntlet)
 34113 | Gauntlet | Identified the ring of the Bull {rPois Int+4}
 34134 | Gauntlet | Identified the Incunabulum of Clay
 34192 | D:13     | Noticed Erolcha
 34204 | D:13     | Killed Erolcha
 34457 | D:13     | Noticed Josephine
 34484 | D:13     | Killed Josephine
 34564 | D:13     | Found a gate to the Vaults.
 35565 | D:14     | Noticed Azrael
 35631 | D:14     | Killed Azrael
 35818 | D:15     | Entered Level 15 of the Dungeon
 35989 | D:15     | Reached skill level 16 in Polearms
 36186 | D:15     | Found a staircase to the Depths.
 36493 | D:15     | Learned a level 4 spell: Olgreb's Toxic Radiance
 36496 | D:15     | Learned a level 2 spell: Poisonous Vapours
 36538 | Depths:1 | Entered Level 1 of the Depths
 36676 | Depths:1 | HP: 4/143 [iron troll (6)]
 36693 | Depths:1 | Reached XP level 19. HP: 22/149 MP: 36/36
 37107 | Depths:1 | Found a gateway to Hell.
 37112 | Depths:1 | Found a gateway to a ziggurat.
 38188 | Depths:2 | Found a corrupted altar of Lugonu.
 38190 | Depths:2 | Found a one-way gate to the infinite horrors of the Abyss.
 38390 | Depths:2 | Identified the +2 battleaxe of Jolaz {chop, +Fly rElec rC-
                  | MP+9}
 38424 | Depths:2 | HP: 1/150 [stone giant/large rock (25)]
 39054 | Vaults:1 | Entered Level 1 of the Vaults
 39160 | D:13     | Learned a level 6 spell: Deflect Missiles
 39172 | D:13     | Upgraded the game from 0.25-a0-21-ga5a8db46c7 to
                  | 0.25-a0-24-g72dcfe0359
 39497 | Vaults:1 | Found a runed translucent gate.
 39497 | Vaults:1 | Found a runed translucent gate.
 39497 | Vaults:1 | Found a runed translucent gate.
 39497 | Vaults:1 | Noticed Viusuagh's ghost (adept MiSk)
 39498 | Vaults:1 | Identified the +9 plate armour "Hesukur" {rF+}
 39565 | Vaults:1 | Reached XP level 20. HP: 115/157 MP: 37/37
 39885 | Vaults:1 | Reached skill level 17 in Polearms
 40653 | Vaults:1 | Found Puun's General Store.
 40922 | Vaults:1 | Found a roughly hewn altar of Beogh.
 41108 | Vaults:2 | Noticed Xtahua
 41125 | Vaults:2 | Killed Xtahua
 41936 | Vaults:2 | You fall into a shaft and drop 1 floor!
 42937 | Vaults:3 | Cast into level 3 of the Abyss (a deep elf demonologist)
 43017 | Abyss:3  | Gained mutation: Scrolls take you a little longer to read.
                  | [a neqoxec]
 43021 | Abyss:3  | Got a wavering bone ring
 43065 | Abyss:3  | Paralysed by accursed screaming for 1 turns
 43292 | Abyss:3  | Reached XP level 21. HP: 161/165 MP: 39/39
 43295 | Abyss:3  | Noticed a bone dragon
 43323 | Abyss:3  | Gained mutation: Potions are less effective at restoring
                  | your health. [a neqoxec]
 43481 | Vaults:3 | Escaped the Abyss
 43630 | Vaults:3 | Paralysed by a vampire knight for 2 turns
 43773 | Vaults:3 | Identified the ring "Tenuro" {+Blink SInv} (You found it on
                  | level 3 of the Abyss)
 44023 | Vaults:3 | Found a staircase to the Crypt.
 44497 | Vaults:3 | Upgraded the game from 0.25-a0-24-g72dcfe0359 to
                  | 0.25-a0-35-g747a2b3c0c
 44577 | Vaults:4 | Reached skill level 18 in Polearms
 45594 | Vaults:4 | Reached skill level 15 in Invocations
 45890 | Vaults:4 | Noticed Saint Roka
 45916 | Vaults:4 | Killed Saint Roka
 46602 | D:11     | Got a coiled tin amulet
 46612 | D:11     | Identified the amulet "Tasa" {Faith rPois Str-4 Int+8 SInv}
                  | (You found it on level 11 of the Dungeon)
 46882 | Lair:6   | Killed Arixos's ghost
 46908 | Lair:6   | Got a coiled turquoise ring
 46922 | Lair:6   | Identified the ring "Cedeocke" {rF+ EV+3 Stlth+} (You found
                  | it on level 6 of the Lair of Beasts)
 47206 | Snake:2  | Killed MrRokkomies's ghost
 47850 | D:13     | Killed Viusuagh's ghost
 48377 | Depths:2 | Found Giutanyl's Antique Weapon Shop.
 48389 | Depths:2 | Found Biseod's Distillery.
 48389 | Depths:2 | Found Denwue's Armour Shop.
 48394 | Depths:2 | Bought a translucent trident for 238 gold pieces
 48396 | Depths:2 | Found Jehuskil's General Store.
 48400 | Depths:2 | Identified the +1 trident "Zetwofyg" {speed, Str+4} (You
                  | bought it in a shop on level 2 of the Depths)
 48407 | Depths:2 | Bought a scroll of teleportation for 60 gold pieces
 48410 | Depths:2 | Bought a potion of heal wounds for 90 gold pieces
 48410 | Depths:2 | Bought a potion of heal wounds for 90 gold pieces
 48410 | Depths:2 | Bought 2 potions of heal wounds for 180 gold pieces
 48489 | Depths:2 | Reached XP level 22. HP: 173/173 MP: 40/40
 49070 | Depths:3 | Paralysed by a floating eye for 3 turns
 49131 | Depths:3 | Reached skill level 15 in Spellcasting
 49179 | Depths:3 | Found a magical portal.
 49269 | WizLab   | Gained mutation: Your spells are a little easier to cast,
                  | but a little less powerful. [a neqoxec]
 49482 | WizLab   | Paralysed by a great orb of eyes for 4 turns
 49496 | WizLab   | Reached skill level 15 in Fighting
 49496 | WizLab   | Reached skill level 15 in Long Blades
 49496 | WizLab   | Reached skill level 15 in Dodging
 49558 | WizLab   | Found a transporter.
 49589 | WizLab   | Paralysed by a great orb of eyes for 6 turns
 49639 | WizLab   | Reached skill level 19 in Polearms
 49980 | WizLab   | Paralysed by accursed screaming for 2 turns
 50088 | WizLab   | Found a transporter.
 50249 | WizLab   | Identified the +5 morningstar of Uset {protect, *Slow +Fly
                  | rElec rN++}
 50249 | WizLab   | Identified the ring "Ehehytaces" {Wiz Dex+2}
 50598 | WizLab   | Got a bound iron amulet
 50602 | WizLab   | Identified the amulet of Wejair {Inacc +Inv rC++} (You
                  | found it in a wizard's laboratory)
 50870 | WizLab   | Gained mutation: Your spells are easier to cast, but less
                  | powerful. [a cacodemon]
 50897 | WizLab   | Gained mutation: You are clumsy. (Dex -2) [a cacodemon]
 50898 | WizLab   | Gained mutation: You tend to lose your temper in combat. [a
                  | cacodemon]
 50980 | WizLab   | Identified Lehudib's Grimoire of the Excruciating Mountains
 51075 | WizLab   | Learned a level 6 spell: Invisibility
 51081 | WizLab   | Learned a level 5 spell: Summon Mana Viper
 51081 | WizLab   | Lost mutation: Your spells are easier to cast, but less
                  | powerful. [potion of mutation]
 51081 | WizLab   | Lost mutation: Potions are less effective at restoring your
                  | health. [potion of mutation]
 51081 | WizLab   | Lost mutation: You are clumsy. (Dex -2) [potion of
                  | mutation]
 51081 | WizLab   | Gained mutation: You are somewhat resistant to further
                  | mutation. [potion of mutation]
 51082 | WizLab   | Lost mutation: You tend to lose your temper in combat.
                  | [potion of mutation]
 51082 | WizLab   | Lost mutation: Scrolls take you a little longer to read.
                  | [potion of mutation]
 51082 | WizLab   | Gained mutation: You are agile. (Dex +2) [potion of
                  | mutation]
 51309 | Depths:3 | Paralysed by a sphinx for 3 turns
 51474 | Depths:3 | Reached XP level 23. HP: 157/181 MP: 39/42
 51703 | Depths:3 | Reached skill level 15 in Throwing
 51703 | Depths:3 | Reached skill level 15 in Armour
 51753 | Depths:3 | Found a one-way gate leading to the halls of Pandemonium.
 51871 | Depths:3 | Identified the +2 shield of Nemelex Xobeh's Scorn {rCorr}
 51871 | Depths:3 | Noticed Asterion
 52579 | Elf:1    | Entered Level 1 of the Elven Halls
 52831 | Elf:1    | Found a transporter.
 52853 | Elf:1    | Noticed Goack's ghost (adept HOFi)
 52878 | Elf:1    | Noticed Agnes
 52884 | Elf:1    | Killed Agnes
 53135 | Elf:1    | Found a transporter.
 53474 | Elf:1    | Identified Wupimugg's Catalogue of the Entourage
 53798 | Elf:2    | Found a frozen archway.
 53833 | IceCv    | Entered an ice cave
 54116 | IceCv    | Reached skill level 15 in Short Blades
 54116 | IceCv    | Reached skill level 15 in Axes
 54116 | IceCv    | Reached skill level 15 in Maces & Flails
 54116 | IceCv    | Reached skill level 15 in Staves
 54116 | IceCv    | Reached skill level 15 in Slings
 54116 | IceCv    | Reached skill level 15 in Bows
 54116 | IceCv    | Reached skill level 15 in Crossbows
 54116 | IceCv    | Reached skill level 15 in Shields
 54116 | IceCv    | Reached skill level 15 in Unarmed Combat
 54802 | Elf:2    | Found a huge runed translucent gate.
 54802 | Elf:2    | Found a huge runed translucent gate.
 54825 | Elf:2    | Found a huge runed translucent gate.
 54825 | Elf:2    | Found a huge runed translucent gate.
 54825 | Elf:2    | Found a huge runed translucent gate.
 54902 | Elf:2    | Gained mutation: You occasionally shout uncontrollably at
                  | your foes. [a neqoxec]
 55830 | Elf:3    | Entered Level 3 of the Elven Halls
 56092 | Elf:3    | Found Niodd's Armour Shop.
 56100 | Elf:3    | Bought the +1 helmet "Plog" {rElec Str+3 Int+2} for 408
                  | gold pieces
 56100 | Elf:3    | Bought the +3 pair of gauntlets of War {Slay+5} for 570
                  | gold pieces
 56100 | Elf:3    | Found the +3 pair of gauntlets of War {Slay+5}
 56205 | Elf:3    | Reached skill level 20 in Polearms
 56263 | Elf:3    | Reached XP level 24. HP: 190/190 MP: 41/42
 56345 | Elf:3    | Found Soixkitz's Antique Weapon Shop.
 56426 | Elf:3    | Found a portal to a secret trove of treasure.
 56426 | Elf:3    | Identified the cursed +0 leather armour of Bumoerhoibb
                  | {rPois Str+4 Stlth+}
 56876 | Depths:3 | Killed Asterion
 57454 | Elf:3    | You paid a toll of 6 scrolls of blinking to enter a
                  | treasure trove
 57455 | Trove    | Entered a treasure trove
 57478 | Trove    | Got a bound iron ring
 57480 | Trove    | Got a steaming golden ring
 57486 | Trove    | Identified the ring "Ciuphim" {Wiz rElec} (You found it in
                  | a treasure trove)
 57487 | Trove    | Identified the ring "Qihy" {*Drain rF+ rC+ MR- Dex+9} (You
                  | found it in a treasure trove)
 57494 | Trove    | Got a vibrating graven amulet
 57498 | Trove    | Identified the amulet "Topsy" {Acrobat rElec rC+ Str+6
                  | Int-2} (You found it in a treasure trove)
 57510 | Trove    | Got a pitted brass amulet
 57517 | Trove    | Got a twitching golden amulet
 57533 | Elf:3    | Identified the amulet "Avulupot" {Spirit rC+ MP+9} (You
                  | found it in a treasure trove)
 57536 | Elf:3    | Identified the amulet of Xoimosmu {Inacc Int+3} (You found
                  | it in a treasure trove)
 58075 | Elf:3    | Found the macabre finger necklace {rN+}
 58340 | Elf:3    | Identified the +8 double sword of the Grey Skies {freeze,
                  | rF+ rC- Dex+3}
 58343 | Elf:3    | Identified the amulet of Yfetodd {rF+ Regen+}
 58544 | Elf:3    | Got a twisted cloak
 58806 | Elf:3    | Identified the Reference Book on the Mountains and the
                  | Traveller
 58809 | Elf:3    | Identified the Reference Book on Captivating Ignition
 58865 | Elf:3    | Got a blackened ring mail
 58866 | Elf:3    | Identified the +0 ring mail "Coupe" {+Inv rPois Int-2
                  | Dex-4} (You found it on level 3 of the Elven Halls)
 58878 | Elf:3    | Identified the +1 cloak of Leapfrog {rF- rN+ Dex+5} (You
                  | found it on level 3 of the Elven Halls)
 59431 | Depths:4 | Found a flickering gateway to a bazaar.
 59449 | Bazaar   | Entered a bazaar
 59471 | Bazaar   | Found Pasattia's Gadget Shop.
 59491 | Bazaar   | Found Ezepahuo's Antique Armour Shop.
 61078 | Depths:5 | Entered Level 5 of the Depths
 61731 | Depths:5 | Found a gate to the Realm of Zot.
 61852 | Depths:5 | Reached XP level 25. HP: 156/199 MP: 31/43
 62537 | Depths:5 | Got a steaming demon whip
 62538 | Depths:5 | Identified the +7 demon whip of the Inquisitive Eyes
                  | {freeze, -Tele rPois rN+ Str+6 Dex-5} (You found it on
                  | level 5 of the Depths)
 63002 | Vaults:5 | Entered Level 5 of the Vaults
 63016 | Vaults:5 | Reached skill level 21 in Polearms
 63779 | Vaults:5 | Reached skill level 15 in Translocations
 64802 | Vaults:5 | Got a silver rune of Zot
 65517 | Elf:1    | Killed Goack's ghost
 65546 | Elf:1    | Got a transparent helmet
 65548 | Elf:1    | Identified the +1 helmet of Distant Worlds {rF+} (You found
                  | it on level 1 of the Elven Halls)
 65962 | Zot:1    | Entered Level 1 of the Realm of Zot
 66880 | Zot:2    | Noticed a Killer Klown
 66886 | Zot:2    | Reached skill level 22 in Polearms
 66908 | Zot:2    | Killed a Killer Klown
 67449 | Zot:2    | Lost mutation: You are somewhat resistant to further
                  | mutation. [potion of mutation]
 67449 | Zot:2    | Lost mutation: You are agile. (Dex +2) [potion of mutation]
 67449 | Zot:2    | Gained mutation: You are dopey. (Int -2) [potion of
                  | mutation]
 67449 | Zot:2    | Gained mutation: Armour fits poorly on your strangely
                  | shaped body. [potion of mutation]
 67449 | Zot:2    | Lost mutation: You are dopey. (Int -2) [potion of mutation]
 67450 | Zot:2    | Lost mutation: Armour fits poorly on your strangely shaped
                  | body. [potion of mutation]
 67450 | Zot:2    | Lost mutation: You occasionally shout uncontrollably at
                  | your foes. [potion of mutation]
 67450 | Zot:2    | Lost mutation: Your spells are a little easier to cast, but
                  | a little less powerful. [potion of mutation]
 67450 | Zot:2    | Gained mutation: Armour fits poorly on your strangely
                  | shaped body. [potion of mutation]
 67450 | Zot:2    | Gained mutation: You have extremely sharp teeth. [potion of
                  | mutation]
 67451 | Zot:2    | Lost mutation: Armour fits poorly on your strangely shaped
                  | body. [potion of mutation]
 67451 | Zot:2    | Gained mutation: Your flesh is heat resistant. (rF+)
                  | [potion of mutation]
 67451 | Zot:2    | Gained mutation: Your body sometimes deteriorates upon
                  | taking damage. [potion of mutation]
 67451 | Zot:2    | Gained mutation: You are surrounded by a mild repulsion
                  | field. (EV +2) [potion of mutation]
 68271 | Zot:3    | Reached skill level 15 in Poison Magic
 68622 | Zot:3    | Found a runed translucent gate.
 68622 | Zot:3    | Found a runed translucent gate.
 68622 | Zot:3    | Found a runed translucent gate.
 68630 | Zot:3    | Noticed Licye's ghost (legendary MfTm)
 69673 | Zot:4    | Noticed an orb of fire
 69674 | Zot:4    | Gained mutation: You are weak. (Str -2) [an orb of fire]
 69677 | Zot:4    | Gained mutation: Your body often deteriorates upon taking
                  | damage. [an orb of fire]
 69689 | Zot:4    | Gained mutation: Your spells are a little easier to cast,
                  | but a little less powerful. [an orb of fire]
 69691 | Zot:4    | Lost mutation: Your body often deteriorates upon taking
                  | damage. [an orb of fire]
 69694 | Zot:4    | Gained mutation: You do not regenerate when monsters are
                  | visible. [an orb of fire]
 69698 | Zot:4    | Killed an orb of fire
 70256 | Zot:5    | Entered Level 5 of the Realm of Zot
 70565 | Zot:5    | Found an ornate altar of the Wu Jian Council.
 70672 | Zot:5    | Noticed an orb of fire
 70675 | Zot:5    | Noticed an orb of fire
 70677 | Zot:5    | Reached skill level 15 in Hexes
 70677 | Zot:5    | Reached skill level 15 in Charms
 70677 | Zot:5    | Reached skill level 15 in Summonings
 70677 | Zot:5    | Reached skill level 15 in Transmutations
 70677 | Zot:5    | Reached skill level 15 in Fire Magic
 70677 | Zot:5    | Reached skill level 15 in Air Magic
 70677 | Zot:5    | Reached skill level 15 in Earth Magic
 70681 | Zot:5    | Noticed an ancient lich
 70684 | Zot:5    | Noticed an orb of fire
 70685 | Zot:5    | Noticed an orb of fire
 70690 | Zot:5    | Gained mutation: Scrolls take you a little longer to read.
                  | [an orb of fire]
 70690 | Zot:5    | Noticed an orb of fire
 70691 | Zot:5    | Killed an orb of fire
 70692 | Zot:5    | Gained mutation: You are frail. (-10% HP) [an orb of fire]
 70700 | Zot:5    | Killed an ancient lich
 70700 | Zot:5    | Gained mutation: You are dopey. (Int -2) [an orb of fire]
 70710 | Zot:5    | Killed an orb of fire
 70711 | Zot:5    | Noticed an ancient lich
 70713 | Zot:5    | Noticed a Killer Klown
 70713 | Zot:5    | Gained mutation: You occasionally shout uncontrollably at
                  | your foes. [an orb of fire]
 70738 | Zot:5    | Killed an orb of fire
 70748 | Zot:5    | Gained mutation: You are very frail. (-20% HP) [an orb of
                  | fire]
 70756 | Zot:5    | Killed an orb of fire
 70771 | Zot:5    | Killed an ancient lich
 70772 | Zot:5    | Noticed an ancient lich
 70791 | Zot:5    | Killed an orb of fire
 70808 | Zot:5    | Killed an ancient lich
 70810 | Zot:5    | Killed a Killer Klown
 71092 | Zot:5    | Found an ornate altar of the Wu Jian Council.
 71185 | Zot:5    | Noticed a Killer Klown
 71204 | Zot:5    | Killed a Killer Klown
 71205 | Zot:5    | Lost mutation: Your spells are a little easier to cast, but
                  | a little less powerful. [potion of mutation]
 71205 | Zot:5    | Lost mutation: You are very frail. (-20% HP) [potion of
                  | mutation]
 71205 | Zot:5    | Lost mutation: You are weak. (Str -2) [potion of mutation]
 71205 | Zot:5    | Gained mutation: You have razor-sharp teeth. [potion of
                  | mutation]
 71205 | Zot:5    | Gained mutation: You sometimes yell uncontrollably at your
                  | foes. [potion of mutation]
 71205 | Zot:5    | Gained mutation: Your flesh is very heat resistant. (rF++)
                  | [potion of mutation]
 71206 | Zot:5    | Lost mutation: Scrolls take you a little longer to read.
                  | [potion of mutation]
 71206 | Zot:5    | Lost mutation: You are dopey. (Int -2) [potion of mutation]
 71206 | Zot:5    | Lost mutation: Your flesh is very heat resistant. (rF++)
                  | [potion of mutation]
 71206 | Zot:5    | Lost mutation: Your body sometimes deteriorates upon taking
                  | damage. [potion of mutation]
 71206 | Zot:5    | Gained mutation: You are agile. (Dex +2) [potion of
                  | mutation]
 71207 | Zot:5    | Lost mutation: You are agile. (Dex +2) [potion of mutation]
 71207 | Zot:5    | Lost mutation: You are surrounded by a mild repulsion
                  | field. (EV +2) [potion of mutation]
 71207 | Zot:5    | Lost mutation: You sometimes yell uncontrollably at your
                  | foes. [potion of mutation]
 71207 | Zot:5    | Gained mutation: Scrolls take you a little longer to read.
                  | [potion of mutation]
 71207 | Zot:5    | Lost mutation: You do not regenerate when monsters are
                  | visible. [potion of mutation]
 71207 | Zot:5    | Gained mutation: You expend magic power (3 MP) to
                  | strengthen your wands. [potion of mutation]
 71208 | Zot:5    | Lost mutation: You are frail. (-10% HP) [potion of
                  | mutation]
 71208 | Zot:5    | Lost mutation: Your flesh is heat resistant. (rF+) [potion
                  | of mutation]
 71208 | Zot:5    | Lost mutation: Scrolls take you a little longer to read.
                  | [potion of mutation]
 71208 | Zot:5    | Gained mutation: You possess an exceptional clarity of
                  | mind. [potion of mutation]
 71208 | Zot:5    | Gained mutation: You are partially covered in iridescent
                  | scales. (AC +2) [potion of mutation]
 71208 | Zot:5    | Gained mutation: Your body sometimes deteriorates upon
                  | taking damage. [potion of mutation]
 71208 | Zot:5    | Gained mutation: You have a somewhat thin skeletal
                  | structure. (Dex +2, Stealth) [potion of mutation]
 71692 | Zot:5    | Noticed a Killer Klown
 71695 | Zot:5    | Noticed a Killer Klown
 71708 | Zot:5    | Killed a Killer Klown
 71710 | Zot:5    | Killed a Killer Klown
 71712 | Zot:5    | Noticed an ancient lich
 71718 | Zot:5    | Noticed an ancient lich
 71725 | Zot:5    | Killed an ancient lich
 71747 | Zot:5    | Killed an ancient lich
 72163 | Zot:5    | Noticed an ancient lich
 72164 | Zot:5    | Noticed an ancient lich
 72175 | Zot:5    | Killed an ancient lich
 72181 | Zot:5    | Banished an ancient lich
 72370 | Zot:5    | Found an ornate altar of the Wu Jian Council.
 72759 | Zot:5    | Reached skill level 23 in Polearms
 73273 | Zot:5    | Found an ornate altar of the Wu Jian Council.
 73979 | Zot:5    | Found an ornate altar of the Wu Jian Council.
 74557 | Zot:5    | Got the Orb of Zot
 74587 | Zot:5    | Learned a level 2 spell: Passwall
 75298 | D:$      | Escaped with the Orb!

Levels and vault maps discovered:
D:1:      psy_arrival_heroes, layout_basic
D:2:      minmay_razor_zed, layout_basic, minmay_tetromino_t2, uniq_robin
D:3:      layout_basic, grunt_temple_overflow_growth_and_decay
D:4:      layout_gridville, serial_shops, nicolae_shop_crystal, first_ration,
          lightli_ossuary_entry_decrepit_ruins
D:5:      layout_basic, lemuel_doored_altar, elyvilon_altar_4,
          nicolae_dithmenos_through_a_glass_darkly, xom_butterflies,
          minmay_misc_feat_diagonals, chequers_big_river, minmay_curled_crystal,
          corexii_checkpoint_a, uniq_pikel
D:6:      layout_loops_ring, gammafunk_temple_overflow_elements,
          minmay_temple_entry_large_hall, gammafunk_ghost_mausoleum
D:7:      minmay_flawed_box, layout_loops_ring, serial_shops, shop,
          minmay_manual_monstrance
D:8:      layout_basic, okawaru_ov_weapons_minmay,
          nemelex_xobeh_ov_fountains_minmay
D:9:      layout_irregular_city, grunt_temple_overflow_open,
          erik_lair_orcish_takeover
D:10:     layout_small_grid, minmay_orc_entry_temple_small, serial_rivers,
          chequers_serial_rivers_small_a, chequers_serial_rivers_room_a,
          chequers_serial_rivers_marsh, chequers_serial_rivers_room_a,
          chequers_serial_rivers_micro_e, uniq_sonja
D:11:     layout_roguey, basic_altar, hangedman_ranch [blue_anna_fruit_fields],
          minmay_dual_archer_statues
D:12:     layout_basic, uniq_frances
D:13:     minmay_bloctagon_deflated, layout_basic, erik_vaults_1,
          gauntlet_entry_generic, uniq_erolcha, uniq_josephine
D:14:     layout_roguey, serial_corexii_hall, corexii_hall_statues_i,
          corexii_hall_statues_deadend, minmay_misc_feat_ornament,
          chequers_serial_rivers_micro_a, uniq_azrael
D:15:     gammafunk_depths_entry_grave, layout_cave_pools,
          serial_park_tiny_pond, serial_park
Temple:   compressed_dpeg_circular_temple
Lair:1:   layout_regular_city
Lair:2:   layout_small_grid
Lair:3:   layout_cave_pods, beast_lair_carwin_3
Lair:4:   layout_regular_city, swamp_mist, dummy_snake_entry, serial_bayou,
          serial_bayou_crossing, serial_bayou_lagoon_b, serial_bayou_pond_a,
          serial_bayou_pond_d, chequers_serial_rivers_large_a,
          cheibrodos_lair_lostbears
Lair:5:   layout_cave_pods
Lair:6:   wormcave, layout_loops_ring, hangedman_lair_caniforms_friends,
          slime_dummy, gammafunk_ghost_berserking_beasts, kb_xom_exploding_sheep
Swamp:1:  cheibrodos_swamp_tower_of_moss, layout_basic_swamp,
          hangedman_swamp_ruin_wall, swamp_pool2
Swamp:2:  layout_falls_marsh, evilmike_swamp_ruin_house_3
Swamp:3:  layout_basic_swamp, evilmike_swamp_ruin_rubble_2, swamp_pool1,
          infiniplex_staircase_pool
Swamp:4:  swamp_old_school, layout_basic_swamp, uniq_bai_suzhen
Snake:1:  layout_basic, serial_shops, nicolae_shop_overgrown_old_shop
Snake:2:  layout_misc_corridors, basic_altar, gammafunk_ghost_wrathful_warriors,
          lemuel_oklob_altar, minmay_shop_star, lemuel_fruit_tree
Snake:3:  layout_rooms, uniq_louise, uniq_aizul
Snake:4:  snake_pit_salamanders_mu, layout_rooms, nicolae_snake_biting_tails
Orc:1:    layout_caves, serial_shops, nicolae_shop_window_shopping,
          lemuel_statue_altar
Orc:2:    st_orc_congregation, layout_diamond_mine, serial_shops, shop
Elf:1:    elf_arrival_002, layout_geoelf_octagon,
          gammafunk_ghost_berserking_beasts, minmay_elf_demonology, uniq_agnes
Elf:2:    layout_loops_cross, portal_ice_cave_entry_ice_statue_one,
          grunt_ministairs_6
Elf:3:    grunt_elf_hall_spiral, layout_loops_corners, serial_shops, shop,
          shop_statue, enter_trove_1, minmay_checkered_concentric_circles
Vaults:1: biasface_vaults_ghost_orc_armoury, hangedman_vaults_slither,
          nicolae_vaults_little_squares_2, v_pattern_1, v_misc_3, v_misc_31,
          nicolae_vaults_little_squares_3, nicolae_vaults_mini_display_case,
          nicolae_vaults_windows_and_doors_thing, serial_ice_m,
          vaults_room_grid, vaults_dpeg_encased_lava,
          ontoclasm_vaults_loading_screen, grunt_vaults_focal,
          layout_vaults_omnicross, serial_shops, nicolae_shop_crystal
Vaults:2: nicolae_vaults_little_squares_4, v_alt_pattern_4,
          hangedman_vaults_locks, vaults_standard_mumra_x, vaults_dpeg_cross,
          ontoclasm_vaults_loading_screen, nicolae_vaults_little_squares_3,
          ontoclasm_vaults_chip, vaults_room_fours,
          nicolae_vaults_little_squares_2, nicolae_vaults_ring_of_whatevers,
          vaults_dpeg_diagonal, nicolae_vaults_sealed_display,
          layout_vaults_chaotic_city, uniq_xtahua
Vaults:3: grunt_vaults_diagonal, vaults_room_stairs_pillars,
          nicolae_vaults_disjoint_gnomons, nicolae_vaults_little_squares_3,
          minmay_crypt_entry_simple_round, nicolae_vaults_network_barrier,
          ontoclasm_vaults_twist, nicolae_vaults_big_angled_halls, kb_rosetta,
          v_alt_pattern_5, vaults_room_door_hall, v_rooms_2,
          nicolae_vaults_border_crossing, nicolae_vaults_little_squares_3,
          layout_vaults_maze_bifur
Vaults:4: nicolae_vaults_little_squares_4, vaults_room_corners,
          nicolae_vaults_little_squares_2, v_misc_18, v_misc_10,
          vaults_dpeg_ring, nicolae_vaults_alarming, ontoclasm_vaults_chip,
          vaults_room_semicircle, layout_vaults_quadrants, uniq_saint_roka
Vaults:5
Depths:1: layout_cave_shapes, enter_ziggurat_f, serial_glass, glass_columns_a,
          glass_columns_a, hell_entry, serial_sigils_hangedman_stare,
          hangedman_decor_lopped, minmay_splitting_lines,
          hangedman_abyss_or_decor_stabs, minmay_mirror_moons_of_madness
Depths:2: kennysheep_room_grid, layout_gridlike, abyss_entry_flame_altar,
          pf_vacation_house_of_asmodeus, serial_sigils_hangedman_scratch,
          kennysheep_big_empty_room, grunt_megastairs_3, minmay_shoptagon
Depths:3: minmay_diamond_stairs, layout_cave_pools,
          infiniplex_enter_wizlab_glasses, abyss_entry_small_statue_room,
          hell_entry, rand_demon_pan_entry_3,
          hangedman_abyss_or_decor_jellyfish_corner,
          minmay_staircase_windowed_small, uniq_asterion
Depths:4: kennysheep_spiral_hall, layout_gridville, serial_shops,
          bzr_entry_gold, hangedman_decor_opposing, hell_entry,
          hangedman_abyss_entry_splay, nrook_campfire, st_stairs_1,
          minmay_fractal_squares_diagonal_5
Depths:5: grunt_zot_entry_alcove, layout_cave_pools,
          chequers_serial_rivers_micro_c, hellmouth_1
Zot:1:    layout_gridlike, st_stairs_12
Zot:2:    layout_concentric_octagons, grunt_megastairs_2
Zot:3:    grunt_twist_and_shout, layout_cathedral_of_symmetry,
          gammafunk_ghost_split
Zot:4:    layout_cathedral_of_symmetry, grunt_ministairs_15
Zot:5:    layout_concentric_octagons, basic_altar, grunt_ministairs_12,
          skrybe_zot_glass_1

Skill      XL: |  1  2  3  4  5  6  7  8  9 10 11 12 13 14 15 16 17 18 19 20 21 22 23 24 25 |
---------------+----------------------------------------------------------------------------+-----
Spellcasting   | 5 7 8 9 10 11 12 13 14 15 16 18 | 18.6
Invocations    | 1 2 3 5 6 7 8 9 10 11 12 13 14 15 16 17 19 | 19.4
Short Blades   | 1 2 3 5 6 7 8 9 10 11 12 13 14 15 18 | 18.1
Axes           | 1 2 3 5 6 7 8 9 10 11 12 13 14 15 18 | 18.1
Maces & Flails | 1 2 3 5 6 7 8 9 10 11 12 13 14 15 18 | 18.1
Polearms       | 1 2 5 4 7 8 10 11 12 13 14 15 16 17 18 19 20 23 | 23.0
Staves         | 1 2 3 5 6 7 8 9 10 11 12 13 14 15 18 | 18.1
Slings         | 1 2 3 5 6 7 8 9 10 11 12 13 14 15 18 | 18.1
Bows           | 1 2 3 5 6 7 8 9 10 11 12 13 14 15 18 | 18.1
Crossbows      | 1 2 3 5 6 7 8 9 10 11 12 13 14 15 18 | 18.1
Stealth        | 1 2 3 5 6 0 |  0.0
Shields        | 1 2 3 5 6 7 8 9 10 11 12 13 14 15 18 | 18.1
Unarmed Combat | 1 2 3 5 6 7 8 9 10 11 12 13 14 15 18 | 18.1
Evocations     | 1 2 3 0 |  0.0
Conjurations   | 1 2 4 5 0 |  0.0
Hexes          | 1 2 4 5 6 7 8 9 10 11 12 13 15 | 15.6
Charms         | 1 2 4 5 6 7 8 9 10 11 12 13 15 | 15.6
Summonings     | 1 2 4 5 6 7 8 9 10 11 12 13 15 | 15.6
Necromancy     | 1 2 4 5 0 |  0.0
Transmutations | 1 2 4 5 6 7 8 9 10 11 12 13 15 | 15.6
Fire Magic     | 1 2 4 5 6 7 8 9 10 11 12 13 15 | 15.6
Ice Magic      | 1 2 4 5 0 |  0.0
Air Magic      | 1 2 4 5 6 7 8 9 10 11 12 13 15 | 15.6
Earth Magic    | 1 2 4 5 6 7 8 9 10 11 12 13 15 | 15.6
Poison Magic   | 1 2 4 5 6 7 8 9 10 11 12 13 16 | 16.8
Throwing       | 3 4 6 7 8 9 10 11 12 13 14 15 16 18 | 18.2
Armour         | 3 4 6 7 8 9 10 11 12 13 14 15 16 18 | 18.2
Fighting       | 5 6 7 8 9 10 11 12 13 14 15 16 20 | 20.5
Long Blades    | 5 6 7 8 9 10 11 12 13 14 15 16 18 | 18.5
Dodging        | 5 6 7 8 9 10 11 12 13 14 15 16 18 | 18.5
Translocations | 6 7 8 9 10 11 12 13 14 16 | 16.3

Action                   |  1- 3 |  4- 6 |  7- 9 | 10-12 | 13-15 | 16-18 | 19-21 | 22-24 | 25-27 || total
-------------------------+-------+-------+-------+-------+-------+-------+-------+-------+-------++-------
Melee: Falchion          |    91 |   359 |   570 |       |       |       |       |       |       ||  1020
       Bite              |    10 |    53 |   107 |    61 |   121 |   123 |   205 |   239 |   226 ||  1145
       Punch             |       |     3 |    14 |     8 |       |       |       |       |       ||    25
       Trident           |       |       |   161 |   655 |  1157 |  1385 |  1598 |  1720 |   403 ||  7079
       Double sword      |       |       |       |       |       |       |       |       |   576 ||   576
       Demon whip        |       |       |       |       |       |       |       |       |   324 ||   324
 Fire: Hunting sling     |       |       |    83 |    12 |       |       |       |       |       ||    95
       Hand crossbow     |       |       |       |       |       |    18 |   184 |   168 |    79 ||   449
Throw: Stone             |     6 |    29 |     7 |       |       |       |       |       |       ||    42
       Dart              |       |    10 |    60 |    18 |    28 |     1 |    14 |    12 |     4 ||   147
       Throwing net      |       |       |       |       |       |       |       |     1 |     6 ||     7
       Boomerang         |       |       |       |       |       |       |       |       |    95 ||    95
 Cast: Gell's Gravitas   |     2 |     8 |    10 |       |       |       |       |       |       ||    20
       Lesser Beckoning  |       |     8 |     5 |       |       |       |       |       |       ||    13
       Blink             |       |     2 |    13 |     4 |       |     2 |     6 |    13 |    10 ||    50
       Apportation       |       |       |     3 |       |     1 |       |       |     1 |       ||     5
       Spectral Weapon   |       |       |       |    14 |   115 |   133 |   133 |   105 |    74 ||   574
       Cause Fear        |       |       |       |       |     1 |       |     1 |       |       ||     2
       Petrify           |       |       |       |       |     1 |     1 |       |       |       ||     2
       Deflect Missiles  |       |       |       |       |       |       |     5 |     4 |     6 ||    15
       Olgreb's Toxic Ra |       |       |       |       |       |       |     6 |     3 |     2 ||    11
       Poisonous Vapours |       |       |       |       |       |       |     6 |    10 |       ||    16
       Summon Mana Viper |       |       |       |       |       |       |       |     2 |       ||     2
       Invisibility      |       |       |       |       |       |       |       |     1 |     7 ||     8
       Passwall          |       |       |       |       |       |       |       |       |     1 ||     1
       Song of Slaying   |       |       |       |       |       |       |       |       |     1 ||     1
Invok: Sacrifice Experie |       |       |     1 |       |       |       |       |       |       ||     1
       Sacrifice Artific |       |       |     1 |       |       |       |       |       |       ||     1
       Draw Out Power    |       |       |       |     2 |     3 |     5 |     1 |     3 |     1 ||    15
       Sacrifice Stealth |       |       |       |     1 |       |       |       |       |       ||     1
       Sacrifice Essence |       |       |       |     1 |       |       |       |       |       ||     1
       Sacrifice Arcana  |       |       |       |     1 |       |       |       |       |       ||     1
       Apocalypse        |       |       |       |       |     1 |     4 |     6 |     6 |     5 ||    22
       Power Leap        |       |       |       |       |       |       |     1 |       |       ||     1
  Use: Scroll            |       |     3 |    10 |    10 |    11 |     6 |    12 |    16 |    20 ||    88
       Potion            |       |       |     3 |       |       |     2 |     6 |    10 |    25 ||    46
 Stab: Sleeping          |       |       |     6 |     3 |       |       |       |       |       ||     9
       Distracted        |       |       |       |     5 |    24 |    25 |    25 |    35 |    17 ||   131
       Paralysed         |       |       |       |     4 |    16 |    11 |    30 |     6 |    13 ||    80
       Invisible         |       |       |       |     4 |     4 |    16 |    10 |    13 |    36 ||    83
       Held in net/web   |       |       |       |       |       |       |       |       |     3 ||     3
  Eat: Chunk             |     2 |    13 |    15 |    18 |    20 |    17 |    26 |    28 |     8 ||   147
       Ration            |       |     1 |     2 |       |     4 |     4 |     4 |     5 |    14 ||    34
Armor: Leather armour    |    21 |     1 |       |       |       |       |       |       |       ||    22
       Scale mail        |       |   100 |   158 |       |       |       |       |       |       ||   258
       Ring mail         |       |       |    91 |   164 |   194 |   248 |   215 |    40 |       ||   952
       Troll leather arm |       |       |       |       |       |       |       |     6 |       ||     6
       Quicksilver drago |       |       |       |       |       |       |       |   130 |    63 ||   193
       Gold dragon scale |       |       |       |       |       |       |       |       |   145 ||   145
Dodge: Dodged            |    67 |   191 |   390 |   358 |   363 |   346 |   363 |   318 |   329 ||  2725
       Deflected         |       |       |       |       |       |       |    52 |    49 |    58 ||   159
Block: Buckler           |       |       |       |    50 |   242 |    82 |       |       |       ||   374
       Large shield      |       |       |       |       |       |   473 |   856 |   797 |   810 ||  2936
       Reflection        |       |       |       |       |       |       |       |    26 |     5 ||    31
       Rpst.: Falchion   |    20 |    66 |   106 |       |       |       |       |       |       ||   192
       Double sword      |       |       |       |       |       |       |       |       |    21 ||    21

Table legend:
 A = Non-vault XP
 B = Vault XP
 C = Vault XP percentage of total XP
 D = Non-vault monster count
 E = Vault monster count
 F = Vault count percentage of total count
                 A         B        C        D         E       F
            +---------+---------+-------+---------+---------+-------
      Total |  730356 |  832334 |  53.3 |    1569 |     980 |  38.4
            +---------+---------+-------+---------+---------+-------
        D:1 |      56 |       0 |   0.0 |      22 |       0 |   0.0
        D:2 |     125 |      89 |  41.6 |      22 |      27 |  55.1
        D:3 |     308 |       0 |   0.0 |      40 |       0 |   0.0
        D:4 |     299 |       0 |   0.0 |      21 |       0 |   0.0
        D:5 |    1151 |     634 |  35.5 |      29 |       3 |   9.4
        D:6 |     771 |     890 |  53.6 |      25 |       6 |  19.4
        D:7 |    1224 |     548 |  30.9 |      30 |      14 |  31.8
        D:8 |    2219 |       0 |   0.0 |      27 |       0 |   0.0
        D:9 |    1978 |     568 |  22.3 |      36 |       7 |  16.3
       D:10 |    6997 |    1259 |  15.2 |      49 |      12 |  19.7
       D:11 |    2737 |    3287 |  54.6 |      14 |      10 |  41.7
       D:12 |    4650 |    2197 |  32.1 |      45 |       1 |   2.2
       D:13 |    7256 |   11059 |  60.4 |      31 |      16 |  34.0
       D:14 |    6955 |    2524 |  26.6 |      43 |       8 |  15.7
       D:15 |   12499 |    4006 |  24.3 |      42 |       8 |  16.0
     Lair:1 |    3388 |       0 |   0.0 |      17 |       0 |   0.0
     Lair:2 |    4087 |       0 |   0.0 |      14 |       0 |   0.0
     Lair:3 |    2844 |     617 |  17.8 |       9 |       4 |  30.8
     Lair:4 |    8045 |     856 |   9.6 |      38 |       3 |   7.3
     Lair:5 |    5344 |       0 |   0.0 |      19 |       0 |   0.0
     Lair:6 |    5847 |   19755 |  77.2 |      23 |      81 |  77.9
    Swamp:1 |    5108 |    2109 |  29.2 |      15 |       1 |   6.2
    Swamp:2 |   13398 |       0 |   0.0 |      32 |       0 |   0.0
    Swamp:3 |    8817 |       0 |   0.0 |      14 |       0 |   0.0
    Swamp:4 |    5326 |   19114 |  78.2 |      16 |      27 |  62.8
    Snake:1 |   12721 |       0 |   0.0 |      24 |       0 |   0.0
    Snake:2 |   20672 |    7820 |  27.4 |      40 |      12 |  23.1
    Snake:3 |   17753 |    3186 |  15.2 |      34 |       2 |   5.6
    Snake:4 |   18522 |   44415 |  70.6 |      30 |      62 |  67.4
      Orc:1 |    4628 |       0 |   0.0 |      38 |       0 |   0.0
      Orc:2 |    3435 |   11026 |  76.2 |      34 |      70 |  67.3
      Elf:1 |   14911 |   14542 |  49.4 |      23 |      23 |  50.0
      Elf:2 |   18127 |   23597 |  56.6 |      28 |      35 |  55.6
      Elf:3 |   16656 |   41886 |  71.5 |      30 |      33 |  52.4
   Vaults:1 |   34058 |   25246 |  42.6 |      74 |      53 |  41.7
   Vaults:2 |   25661 |   11710 |  31.3 |      45 |      20 |  30.8
   Vaults:3 |    3938 |   33444 |  89.5 |       8 |      43 |  84.3
   Vaults:4 |   31915 |   30967 |  49.2 |      52 |      33 |  38.8
   Vaults:5 |   54340 |  118944 |  68.6 |      77 |      87 |  53.0
   Depths:1 |   27092 |    6440 |  19.2 |      47 |       7 |  13.0
   Depths:2 |   35128 |   16251 |  31.6 |      55 |      18 |  24.7
   Depths:3 |   47592 |   18259 |  27.7 |      55 |      14 |  20.3
   Depths:4 |   40949 |   15641 |  27.6 |      49 |      15 |  23.4
   Depths:5 |   31190 |   22922 |  42.4 |      30 |      19 |  38.8
      Zot:1 |   11443 |    4227 |  27.0 |       7 |       2 |  22.2
      Zot:2 |   47380 |    8649 |  15.4 |      33 |       4 |  10.8
      Zot:3 |   28217 |   24175 |  46.1 |      17 |      23 |  57.5
      Zot:4 |   31441 |    2145 |   6.4 |      15 |       1 |   6.2
      Zot:5 |   28423 |  194861 |  87.3 |      12 |      48 |  80.0
    Abyss:3 |   11321 |       0 |   0.0 |      32 |       0 |   0.0
    Abyss:4 |     484 |       0 |   0.0 |       2 |       0 |   0.0
    Ossuary |       0 |     296 | 100.0 |       0 |      28 | 100.0
      IceCv |       0 |   11631 | 100.0 |       0 |      32 | 100.0
     WizLab |     930 |   66224 |  98.6 |       5 |      54 |  91.5
   Gauntlet |       0 |    4318 | 100.0 |       0 |      14 | 100.0
            +---------+---------+-------+---------+---------+-------
